Map: Hardwire LE

Players

TIME (Oliveira)

  • Race: Terran Terran

ShoWTimE - Winner!

  • Race: Protoss Protoss

Event: TSL 8

VOD

Have the link to the VOD?

Description

Time

  • Played on: Nov. 27, 2021, 10:04 a.m.
  • Length: 23:32

All games in this series

Show
View Real Time Build Order
Export as new Build Order

TIME Terran 

Build Orders:  

Get SALT Encoding   

  12  0:00  SCV  
  13  0:12  SCV  
  14  0:17  Supply Depot  
  14  0:25  SCV  
  15  0:38  SCV  
  15  0:40  Barracks  
  16  0:44  Refinery  
  16  0:50  SCV  
  17  1:02  SCV  
  18  1:15  SCV  
  19  1:27  Marine  
  19  1:28  Orbital Command  
  20  1:45  Command Center  
  20  1:47  Barracks Reactor  
  20  1:53  SCV  
  21  1:54  Supply Depot  
  21  2:05  SCV  
  21  2:07  Factory  
  22  2:17  Refinery  
  22  2:18  SCV  
  23  2:23  Marine x2  
  25  2:30  SCV  
  26  2:41  Marine x2  
  26  2:42  SCV  
  29  2:51  Starport, Widow Mine  
  31  2:57  SCV, Orbital Command  
  32  2:59  Marine  
  32  3:01  Marine  
  34  3:09  SCV  
  37  3:13  Widow Mine  
  37  3:20  Marine x2  
  37  3:21  SCV  
  37  3:24  Supply Depot, SCV  
  37  3:27  Medivac  
  43  3:33  SCV  
  44  3:35  Factory Tech Lab  
  44  3:36  SCV  
  44  3:38  Marine  
  46  3:44  Supply Depot  
  46  3:46  SCV, Marine  
  46  3:48  SCV  
  49  3:56  Siege Tank  
  49  3:58  SCV  
  49  3:59  Marine  
  54  4:05  Supply Depot, Viking, Marine  
  54  4:06  SCV  
  58  4:17  Marine  
  58  4:18  SCV  
  58  4:19  SCV  
  58  4:21  Engineering Bay  
  61  4:25  Marine  
  61  4:27  Supply Depot  
  61  4:28  Siege Tank  
  65  4:33  SCV x2  
  65  4:36  Marine  
  65  4:38  Viking  
  70  4:47  Missile Turret  
  70  4:48  Marine  
  70  4:49  Missile Turret, SCV x2, Supply Depot  
  73  4:52  Supply Depot  
  73  4:53  Marine  
  74  5:02  Siege Tank  
  74  5:05  SCV  
  78  5:11  SCV, Marine x2  
  78  5:12  Viking  
  83  5:16  Supply Depot  
  83  5:21  SCV  
  84  5:29  Marine x2  
  84  5:33  SCV  
  87  5:44  Missile Turret  
  87  5:46  Siege Tank, Marine  
  87  5:47  Marine  
  87  5:48  Viking  
  92  5:54  Missile Turret, Bunker  
  92  6:01  SCV  
  87  6:04  Marine  
  87  6:08  Marine  
  87  6:10  Command Center  
  77  6:14  SCV  
  77  6:17  SCV  
  78  6:18  Siege Tank  
  78  6:22  Marine  
  80  6:25  Barracks  
  80  6:26  SCV, Refinery x2  
  80  6:29  SCV  
  80  6:30  Barracks  
  76  6:35  Marine  
  76  6:38  SCV  
  73  6:40  Marine  
  73  6:41  SCV  
  73  6:43  Starport Tech Lab  
  74  6:50  Siege Tank  
  74  6:52  SCV  
  74  6:53  Marine  
  76  6:56  SCV  
  76  7:00  Marine  
  76  7:04  SCV  
  76  7:05  Barracks  
  76  7:07  Terran Infantry Weapons Level 1  
  75  7:09  Bunker, Barracks  
  75  7:10  SCV, Engineering Bay  
  75  7:11  Marine  
  74  7:18  SCV  
  74  7:20  Starport Reactor  
  75  7:22  Marine  
  75  7:23  Stimpack, Orbital Command  
  75  7:26  Marine  
  75  7:29  SCV  
  78  7:31  Marine  
  78  7:33  SCV  
  78  7:36  Factory Reactor, Terran Infantry Armor Level 1  
  80  7:37  Marauder, Combat Shield  
  80  7:40  Marine  
  80  7:41  SCV  
  84  7:44  Command Center, Orbital Command  
  83  7:53  Barracks Reactor  
  83  7:54  SCV x2  
  83  7:55  Missile Turret  
  83  7:56  Marine x2  
  86  7:59  Marauder  
  86  8:04  Marauder, Medivac x2  
  94  8:06  SCV x2  
  94  8:09  Barracks Tech Lab  
  96  8:13  SCV, Refinery x2  
  96  8:15  Missile Turret, Marine x2  
  96  8:18  SCV x2  
  101  8:22  Supply Depot  
  101  8:23  Supply Depot  
  101  8:25  Widow Mine, SCV  
  101  8:26  Widow Mine  
  106  8:28  Marine  
  106  8:30  SCV, Armory  
  106  8:32  Marauder, Marine  
  106  8:33  Marine  
  106  8:34  SCV  
  113  8:37  SCV  
  113  8:39  Marauder  
  116  8:42  SCV  
  116  8:43  Marine  
  116  8:46  SCV  
  116  8:49  SCV  
  116  8:50  Widow Mine x2  
  116  8:53  Marine x2  
  116  8:54  SCV  
  124  8:56  Marauder x2  
  124  8:57  Supply Depot  
  124  8:58  SCV  
  124  9:00  Medivac x2  
  124  9:01  SCV  
  134  9:04  Marauder  
  134  9:05  Concussive Shells  
  136  9:10  Bunker  
  136  9:12  Supply Depot  
  135  9:17  Widow Mine x2  
  135  9:18  Marauder x2  
  135  9:19  SCV x2  
  135  9:20  SCV  
  135  9:24  Terran Infantry Weapons Level 2  
  145  9:30  Marauder  
  145  9:31  SCV  
  148  9:35  Viking x2  
  152  9:45  Planetary Fortress  
  152  9:48  Terran Infantry Armor Level 2  
  152  9:51  Ghost Academy  
  152  9:52  Marauder x2, Supply Depot  
  155  9:53  Supply Depot  
  155  9:54  Missile Turret  
  155  9:58  Marauder, Supply Depot  
  157  10:10  Viking  
  157  10:11  Viking  
  161  10:24  Ghost  
  161  10:25  Ghost x2  
  167  10:28  Barracks  
  167  10:30  Barracks  
  167  10:31  Barracks  
  167  10:34  Command Center, Enhanced Shockwaves  
  167  10:43  Terran Ship Weapons Level 1  
  167  10:47  Viking x2  
  171  10:54  Sensor Tower  
  171  10:56  Marauder  
  171  10:57  Marauder  
  175  10:58  Missile Turret  
  175  11:01  Missile Turret, Refinery  
  175  11:02  Refinery  
  175  11:03  Supply Depot  
  175  11:05  Widow Mine  
  175  11:08  Ghost  
  178  11:23  Barracks Reactor  
  178  11:24  Barracks Tech Lab  
  174  11:27  Barracks Tech Lab  
  174  11:30  Ghost  
  174  11:31  Ghost  
  177  11:35  Viking x2  
  177  11:37  Missile Turret, SCV  
  182  11:42  Marauder x2  
  186  11:52  Command Center  
  186  11:55  Marauder  
  186  12:06  Planetary Fortress  
  179  12:15  Missile Turret  
  179  12:16  Marauder  
  179  12:17  Marauder  
  179  12:18  Ghost x2  
  179  12:19  Viking  
  179  12:22  Viking  
  139  13:10  Marauder, Marine  
  139  13:12  Widow Mine x2, Marine x2  
  127  13:13  Marauder  
  127  13:16  SCV  
  127  13:18  Marauder, SCV, Marine x3  
  127  13:19  SCV  
  134  13:20  SCV x2  
  134  13:21  Ghost x2  
  138  13:27  Engineering Bay  
  138  13:29  SCV  
  138  13:30  Terran Infantry Weapons Level 3, Engineering Bay  
  138  13:31  SCV x2, Ghost  
  138  13:32  SCV x2  
  144  13:41  Marauder x2, SCV  
  149  13:42  Marine x2  
  149  13:43  SCV x2  
  149  13:44  Marine  
  149  13:46  SCV x2  
  154  13:50  Marauder  
  154  13:52  Marauder  
  152  14:07  Marine x2  
  152  14:08  Marauder  
  157  14:10  SCV  
  157  14:12  SCV x3  
  157  14:15  Marauder  
  161  14:26  Command Center  
  161  14:27  Planetary Fortress  
  161  14:28  Marauder  
  158  14:32  Marine  
  158  14:33  Marauder  
  158  14:36  SCV x2  
  132  14:48  Marine x3  
  132  14:49  Marauder x2, Marine  
  134  14:56  Marauder, Marine x2  
  134  14:57  Orbital Command  
  134  14:59  Marine x2  
  139  15:05  Sensor Tower  
  139  15:06  Marine x2  
  141  15:10  Marine x2  
  141  15:11  SCV x2  
  145  15:17  Marauder x2  
  149  15:23  Marine  
  149  15:29  Ghost  
  149  15:31  Marauder x2  
  155  15:36  Marine x3  
  155  15:41  Marauder x2  
  162  15:43  Planetary Fortress  
  162  15:46  Marine x2  
  162  15:48  Marine  
  165  15:52  Widow Mine x2, Marine  
  165  15:53  Marauder  
  165  15:54  Marine x2  
  174  16:05  Marauder x2  
  174  16:07  Terran Infantry Armor Level 3  
  174  16:09  Marauder  
  178  16:12  Marauder  
  177  16:20  Supply Depot x2  
  177  16:21  Command Center  
  169  16:34  Missile Turret, Sensor Tower  
  169  16:36  Supply Depot  
  169  16:38  Supply Depot  
  169  16:41  Marine x3  
  169  16:42  Marauder x2, Widow Mine x2  
  169  16:46  Sensor Tower  
  180  16:57  Marine x3, Ghost  
  180  16:58  Marauder  
  180  16:59  Marine  
  180  17:00  Marauder  
  190  17:03  Marauder x2  
  175  17:09  Marine  
  175  17:12  SCV x2  
  175  17:13  SCV  
  175  17:14  Marine  
  175  17:15  Marine  
  176  17:18  Ghost  
  176  17:19  SCV  
  176  17:20  Ghost  
  182  17:23  Sensor Tower  
  182  17:24  SCV  
  181  17:34  Ghost x2  
  181  17:35  Missile Turret  
  181  17:36  Marine  
  184  17:38  Ghost  
  184  17:42  Marine  
  187  17:47  Ghost  
  187  17:49  Ghost  
  191  18:02  Ghost  
  188  18:07  Marine  
  188  18:08  Marauder  
  188  18:09  Marine x2  
  193  18:17  Planetary Fortress  
  193  18:20  Missile Turret  
  193  18:24  SCV  
  192  18:29  Missile Turret  
  163  18:51  Marine x4  
  163  18:52  Marauder x2  
  158  18:55  Marine  
  158  19:00  Marauder, Marine x2  
  158  19:01  Medivac  
  158  19:02  Widow Mine x2, Medivac  
  167  19:07  SCV x2  
  167  19:08  SCV x2  
  167  19:09  Command Center  
  171  19:10  Marine  
  171  19:11  Marine  
  171  19:12  Marine  
  171  19:13  Marauder x2  
  178  19:18  Supply Depot  
  178  19:22  SCV  
  181  19:25  Marine x3  
  181  19:30  Widow Mine  
  181  19:31  Widow Mine  
  186  19:35  SCV  
  187  19:41  SCV  
  187  19:44  SCV  
  187  19:45  Ghost  
  187  19:46  Marine  
  187  19:47  SCV  
  187  19:48  SCV  
  189  19:58  SCV, Ghost  
  181  20:00  Terran Ship Weapons Level 2  
  181  20:04  Medivac x2  
  184  20:09  Marine x2  
  173  20:15  Ghost  
  173  20:16  Marauder x2  
  175  20:29  Marauder, Marine x2  
  175  20:34  Viking x2  
  183  20:40  Command Center  
  177  20:47  Marauder x2  
  176  21:01  Marauder  
  176  21:02  Command Center, Marine x2  
  177  21:24  Marauder  
  177  21:25  Marauder  
  168  21:28  Marauder x2, Marine x3  
  168  21:29  Marauder  
  168  21:31  Viking  
  173  21:34  Marine x2  
  173  21:35  Marine  
  173  21:39  Missile Turret  
  176  21:46  Marauder x2  
  180  21:47  Marine x2  
  180  21:51  Marauder  
  176  22:06  Marine  
  169  22:08  Marine x2  
  169  22:09  Marauder  
  166  22:21  Marine x4  
  166  22:22  Marauder x3, Medivac x2  
  160  22:24  Marine  
  151  22:30  Marauder  
  151  22:31  Marine x2  
  151  22:40  Marauder  
  151  22:42  Ghost  
  101  22:52  Marine x2  
  101  22:53  Marauder x3, Marine x2  
  95  23:01  Marauder  
Show
View Real Time Build Order
Export as new Build Order

ShoWTimE Protoss - Winner!

Build Orders: 1 Gate Expand, Oracle Opening 

Get SALT Encoding   

  12  0:00  Probe  
  13  0:12  Probe  
  14  0:17  Pylon  
  14  0:24  Probe  
  15  0:35  Gateway  
  15  0:37  Probe (Chrono Boost)  
  16  0:46  Assimilator, Probe (Chrono Boost)  
  17  0:51  Probe (Chrono Boost)  
  18  1:03  Probe  
  19  1:15  Probe  
  20  1:22  Nexus  
  20  1:31  Cybernetics Core  
  20  1:34  Probe  
  21  1:41  Assimilator  
  21  1:46  Probe  
  22  1:51  Pylon  
  22  1:58  Probe  
  23  2:06  Adept (Chrono Boost)  
  23  2:11  Probe  
  26  2:18  Stargate  
  26  2:23  Probe (Chrono Boost)  
  26  2:27  Adept (Chrono Boost)  
  29  2:32  Warp Gate  
  29  2:34  Probe (Chrono Boost)  
  31  2:41  Probe (Chrono Boost)  
  31  2:43  Probe (Chrono Boost)  
  32  2:48  Probe x2 (Chrono Boost)  
  32  2:49  Adept  
  36  2:58  Pylon  
  36  2:59  Probe  
  36  3:00  Probe  
  36  3:02  Oracle (Chrono Boost)  
  41  3:11  Probe  
  41  3:12  Probe  
  43  3:20  Adept  
  43  3:23  Probe  
  43  3:24  Probe  
  47  3:27  Gateway  
  47  3:33  Oracle (Chrono Boost)  
  47  3:35  Probe  
  47  3:36  Probe  
  47  3:39  Pylon  
  52  3:47  Probe  
  53  3:49  Probe  
  54  4:00  Nexus  
  54  4:01  Probe x2  
  56  4:05  Phoenix  
  56  4:08  Assimilator  
  58  4:10  Assimilator  
  58  4:12  Pylon  
  58  4:13  Probe  
  58  4:15  Probe  
  60  4:24  Twilight Council  
  60  4:28  Probe x2  
  62  4:32  Adept  
  62  4:37  Robotics Facility, Pylon  
  64  4:40  Adept  
  64  4:43  Probe  
  67  4:45  Shield Battery  
  67  4:47  Phoenix  
  69  4:53  Probe  
  69  4:54  Shield Battery  
  69  4:55  Probe  
  71  5:01  Adept x2  
  71  5:05  Charge (Chrono Boost)  
  71  5:06  Pylon  
  75  5:12  Phoenix  
  77  5:17  Probe x2  
  80  5:24  Immortal (Chrono Boost)  
  84  5:29  Probe  
  84  5:31  Adept x2  
  88  5:37  Phoenix  
  90  5:45  Probe x2  
  90  5:46  Probe  
  93  5:50  Pylon  
  93  5:53  Stalker x2  
  97  5:58  Probe  
  97  6:01  Probe  
  76  6:14  Immortal (Chrono Boost)  
  76  6:17  Stalker x2  
  75  6:18  Phoenix  
  75  6:20  Probe x2  
  75  6:25  Probe  
  75  6:32  Probe x2  
  69  6:40  Probe  
  69  6:41  Zealot x2  
  69  6:43  Immortal (Chrono Boost)  
  69  6:44  Probe  
  69  6:45  Gateway  
  69  6:46  Gateway, Probe  
  80  6:52  Probe  
  81  6:54  Pylon  
  81  6:56  Phoenix, Probe  
  81  6:58  Probe  
  85  7:03  Robotics Bay  
  85  7:05  Probe  
  86  7:08  Probe  
  86  7:10  Probe  
  88  7:17  Probe  
  88  7:20  Observer (Chrono Boost), Assimilator  
  88  7:21  Phoenix  
  92  7:23  Zealot, Sentry  
  92  7:24  Assimilator  
  92  7:25  Probe  
  92  7:28  Forge x2  
  92  7:29  Probe  
  98  7:33  Pylon  
  98  7:35  Observer (Chrono Boost)  
  99  7:42  Pylon  
  99  7:46  Zealot x2, Phoenix  
  99  7:47  Zealot x2  
  109  7:52  Colossus (Chrono Boost)  
  115  8:00  Protoss Ground Weapons Level 1 (Chrono Boost)  
  115  8:01  Pylon  
  115  8:05  Pylon  
  115  8:07  Protoss Ground Armor Level 1 (Chrono Boost)  
  115  8:11  Phoenix  
  117  8:13  Gateway  
  117  8:14  Gateway, Pylon  
  117  8:17  Extended Thermal Lance (Chrono Boost)  
  117  8:24  Probe  
  118  8:28  Gateway  
  118  8:30  Pylon  
  118  8:31  Zealot x4  
  118  8:32  Gateway  
  126  8:36  Colossus (Chrono Boost)  
  132  8:49  Nexus  
  132  8:52  Shield Battery  
  132  8:54  Probe  
  132  8:55  Probe x2  
  135  8:59  Blink  
  135  9:03  Photon Cannon  
  135  9:06  Pylon  
  135  9:07  Probe  
  136  9:15  Colossus (Chrono Boost)  
  136  9:19  Probe  
  136  9:22  Pylon  
  143  9:35  Zealot  
  143  9:36  Robotics Facility  
  143  9:37  Probe x3  
  148  9:41  Zealot x5, Dark Shrine  
  158  9:46  Observer, Protoss Ground Weapons Level 2 (Chrono Boost)  
  158  9:49  Probe  
  159  9:55  Photon Cannon  
  159  9:56  Warp Prism (Chrono Boost)  
  161  10:00  Protoss Ground Armor Level 2 (Chrono Boost)  
  161  10:02  Photon Cannon  
  161  10:08  Photon Cannon  
  161  10:15  Zealot x4  
  161  10:16  Zealot x2  
  173  10:24  Stalker x2  
  173  10:28  Assimilator  
  176  10:30  Assimilator  
  176  10:32  Pylon  
  176  10:33  Pylon  
  176  10:36  Disruptor (Chrono Boost)  
  182  10:46  Disruptor (Chrono Boost), Pylon  
  180  10:53  Pylon  
  180  10:55  Shadow Stride  
  180  10:57  Zealot x2, Dark Templar  
  182  10:58  Zealot  
  182  10:59  Dark Templar  
  190  11:05  Zealot x3, Gateway  
  190  11:07  Gateway, Disruptor (Chrono Boost)  
  191  11:30  Disruptor (Chrono Boost)  
  190  11:39  Nexus  
  190  11:40  Gateway, Pylon  
  190  11:42  Gateway, Disruptor (Chrono Boost)  
  193  11:48  Stalker  
  193  11:49  Stalker x2  
  197  11:56  Disruptor (Chrono Boost), Pylon  
  192  12:08  Stalker x4  
  192  12:13  Protoss Ground Weapons Level 3 (Chrono Boost), Protoss Ground Armor Level 3 (Chrono Boost)  
  192  12:19  Dark Templar x4  
  200  12:23  Photon Cannon  
  200  12:25  Photon Cannon  
  200  12:27  Shield Battery  
  200  12:36  Fleet Beacon  
  200  12:38  Stargate  
  198  12:44  Protoss Air Weapons Level 1 (Chrono Boost)  
  182  13:00  Disruptor x2  
  182  13:01  Zealot x7  
  149  13:15  Stalker  
  149  13:17  Stalker x4  
  155  13:28  Pylon  
  155  13:32  Dark Templar x7  
  167  13:35  Disruptor (Chrono Boost)  
  167  13:40  Dark Templar x3  
  170  13:44  Disruptor (Chrono Boost)  
  173  13:53  Probe x3  
  173  13:54  Probe x2  
  174  14:06  Disruptor (Chrono Boost)  
  168  14:12  Stalker x7, Disruptor (Chrono Boost)  
  168  14:15  Zealot x2  
  168  14:16  Zealot x3  
  174  14:33  Nexus  
  174  14:35  Pylon  
  174  14:36  Disruptor (Chrono Boost)  
  177  14:41  Disruptor (Chrono Boost)  
  163  14:47  Zealot x9  
  163  14:48  Zealot  
  159  14:53  Zealot x2  
  157  15:00  Protoss Shields Level 1 (Chrono Boost)  
  157  15:01  Probe x2  
  159  15:07  Observer (Chrono Boost)  
  159  15:13  Observer (Chrono Boost)  
  161  15:18  Photon Cannon  
  161  15:20  Shield Battery  
  161  15:21  Assimilator  
  161  15:23  Assimilator  
  161  15:28  Dark Templar x3  
  161  15:29  Dark Templar x5  
  161  15:31  Observer  
  161  15:33  Zealot x4  
  183  15:41  Assimilator  
  183  15:43  Assimilator  
  183  15:45  Photon Cannon  
  183  15:46  Disruptor x2 (Chrono Boost)  
  183  15:48  Shield Battery  
  189  16:00  Carrier x2 (Chrono Boost)  
  188  16:04  Observer  
  188  16:15  Protoss Air Weapons Level 2 (Chrono Boost)  
  192  16:39  Templar Archives  
  192  16:44  Nexus  
  192  16:45  Pylon  
  192  16:50  Pylon  
  192  16:51  Observer x2  
  192  16:53  Carrier (Chrono Boost)  
  191  17:13  Carrier (Chrono Boost)  
  175  17:39  Photon Cannon  
  175  17:40  Photon Cannon  
  175  17:42  Photon Cannon  
  175  17:44  Shield Battery  
  175  17:46  Pylon  
  175  17:47  Carrier (Chrono Boost)  
  175  17:50  Stalker x3, Zealot x3  
  175  17:51  Zealot x3  
  197  18:06  Dark Templar  
  197  18:12  Protoss Shields Level 2 (Chrono Boost)  
  197  18:13  Psionic Storm  
  197  18:27  Protoss Air Weapons Level 3 (Chrono Boost)  
  197  18:33  High Templar x3  
  197  18:35  Nexus  
  197  18:37  Pylon  
  180  18:51  Disruptor x2 (Chrono Boost)  
  180  18:53  Zealot x2  
  180  18:54  Zealot x4, High Templar  
  170  18:59  Observer  
  170  19:01  Zealot x2  
  144  19:08  Stalker  
  144  19:09  Stalker x2  
  150  19:18  Stalker x6  
  150  19:20  Disruptor (Chrono Boost)  
  150  19:23  Disruptor (Chrono Boost)  
  168  19:25  Stalker x2  
  172  19:43  Disruptor (Chrono Boost)  
  172  19:45  Stalker x5, Zealot  
  183  19:46  Zealot x4  
  183  19:48  Disruptor (Chrono Boost)  
  198  19:58  Observer  
  192  20:02  Dark Templar x2  
  194  20:16  Dark Templar x3  
  198  20:28  Archon  
  198  20:30  Dark Templar  
  200  20:45  Observer  
  200  21:01  Nexus  
  200  21:04  Pylon  
  200  21:14  Assimilator x2  
  166  21:25  Archon  
  166  21:28  Stalker x3, High Templar x3  
  166  21:32  Gateway  
  174  21:34  Stalker x4  
  174  21:35  Stalker x2, Gateway  
  174  21:37  Gateway  
  186  21:40  Gateway  
  186  21:43  Gateway  
  186  21:53  Dark Templar x3  
  192  22:03  Dark Templar x4  
  196  22:19  Disruptor x2 (Chrono Boost)  
  196  22:21  Stalker x5  
  157  22:25  Zealot  
  137  22:30  Stalker x2  
  137  22:31  Stalker x3  
  137  22:36  Stalker x5  
  152  22:46  Zealot x2  
  152  22:47  Zealot x5, Disruptor  
Tags
 
Add a new tag
Caveats
  • Supply blocks, unpowered buildings, or Contaminate may cause inaccurate times.
  • Supply counts are checked every 10 seconds.